 Dungeon Crawl Stone Soup version 0.30-b1-2-g02819fbbbe (webtiles) character file.

Game seed: 12506248039526383203

333 Barriton the Firebug (level 6, -4/45 HPs)
             Began as a Draconian Fire Elementalist on May 9, 2023.
             Slain by a yak (10 damage)
             ... on level 4 of the Dungeon.
             The game lasted 00:05:51 (4225 turns).

Barriton the Firebug (Draconian Fire Elementalist)  Turns: 4225, Time: 00:05:51

Health: -4/45      AC:  6    Str: 14    XL:     6   Next: 27%
Magic:  0/11       EV: 12    Int: 17    God:
Gold:   238        SH:  0    Dex: 11    Spells: 9/12 levels left

rFire   + . .        j - staff of fire
rCold   . . .        (no shield)
rNeg    . . .        (body armour unavailable)
rPois   +            (helmet restricted)
rElec   +            h - scarf of Bumettor {repulsion, rElec rPois Str+3}
rCorr   .            (no gloves)
SInv    .            (no boots)
Will    .....        (no amulet)
Stlth   ++           (no ring)
HPRegen 0.27/turn    (no ring)
MPRegen 0.12/turn

%: repel missiles
@: no status effects
A: AC +6, unfitting armour, cold-blooded
a: no special abilities


You were on level 4 of the Dungeon.
You visited 2 branches of the dungeon, and saw 6 of its levels.

You collected 238 gold pieces.

Inventory:

Armour
 h - the scarf of Bumettor (worn) {repulsion, rElec rPois Str+3}
   (You acquired it on level 4 of the Dungeon)

   Str:       It affects your strength (+3).
   rElec:     It insulates you from electricity.
   rPois:     It protects you from poison.
Magical Staves
 j - a staff of fire (weapon)
Wands
 i - a wand of polymorph (14)
Scrolls
 b - a scroll of vulnerability
 k - a scroll of teleportation
Potions
 a - a potion of magic
 c - a potion of ambrosia
 e - a potion of lignification {unknown}
 f - 2 potions of curing
 g - a potion of might {unknown}
 l - a potion of resistance {unknown}


   Skills:
 + Level 2.0 Dodging
 + Level 2.0 Stealth
 + Level 0.7 Unarmed Combat
 + Level 3.6 Spellcasting
 + Level 2.8 Conjurations
 + Level 4.9 Fire Magic
 + Level 1.1 Evocations


You had 9 spell levels left.
You knew the following spells:

 Your Spells              Type           Power      Damage    Failure   Level
a - Foxfire               Conj/Fire      96%        2x1d8     3%          1
b - Scorch                Fire           58%        2d7       3%          2

Your spell library contained the following spells:

 Spells                   Type           Power      Damage    Failure   Level
 Inner Flame              Hex/Fire       17%        N/A       19%         3
 Volatile Blastmotes      Fire/Tloc      34%        2d12      19%         3
 Dazzling Flash           Conj/Hex       14%        N/A       26%         3
 Flame Wave               Conj/Fire      24%        2d8       32%         4
 Iskenderun's Mystic Bla  Conj/Tloc      7%         2d4       65%         4
 Starburst                Conj/Fire      12%        6d5       99%         6


Dungeon Overview and Level Annotations

Branches:
Dungeon (5/15)             Temple (1/1) D:4

Altars:
Dithmenos
Makhleb
Nemelex Xobeh
Qazlal
Trog

Shops:
D:1 (   D:4 (


Innate Abilities, Weirdness & Mutations

Your plain brown scales are hard. (AC +6)
You cannot fit into any form of body armour.
You are cold-blooded and may be slowed by cold attacks.


Message History

Nothing appears to happen.
The yak closely misses you. The yak attacks as you move away!
The yak gores you!
Your magical contamination has completely faded away.
The yak attacks as you move away! The yak closely misses you.
The yak attacks as you move away! The yak gores you!
* * * LOW HITPOINT WARNING * * *
The yak attacks as you move away! The yak misses you.
The yak attacks as you move away! The yak gores you!
* * * LOW HITPOINT WARNING * * *
You feel much better. The yak gores you. The yak attacks as you move away!
The yak closely misses you.
Found a spear.
The yak attacks as you move away! The yak gores you!
The yak attacks as you move away! The yak barely misses you.
You see here a +0 spear.
The yak attacks as you move away! The yak misses you.
The yak attacks as you move away! The yak gores you!
* * * LOW HITPOINT WARNING * * *
The yak attacks as you move away! The yak completely misses you.
There is a stone staircase leading up, spattered with blood here.
You can't go down here!
You climb upwards.
There is a stone staircase leading down here.
Casting: Scorch (safe; 3% risk of failure)
Confirm with . or Enter, or press ? or * to list all spells.
You feel a surge of power!
Flames lash the yak.
The yak is moderately wounded.
The yak's fire resistance burns away.
The yak gores you.
* * * LOW HITPOINT WARNING * * *
Casting: Scorch (safe; 3% risk of failure)
Confirm with . or Enter, or press ? or * to list all spells.
You feel a surge of power!
Flames lash the yak.
The yak is moderately wounded.
The yak gores you.
* * * LOW HITPOINT WARNING * * *
Casting: Scorch (safe; 3% risk of failure)
Confirm with . or Enter, or press ? or * to list all spells.
You feel a surge of power!
Flames lash the yak.
The yak is burned terribly!
The yak is heavily wounded.
The yak gores you!
You die...

#..##............##
#..#.............##
#..#..............## ###
##......[........#.####.#
#...............##.##..#
##.............####.....
#.............# ##....
#.............# #.....
#.#...@Y......# #.....
#####.....##### #.....
####### ##.... #....
##... ####


You could see a yak (combustible).

Vanquished Creatures
  An ogre (D:4)
  A scorpion (D:3)
  2 hounds (D:4)
  2 iguanas (D:4)
  3 adders
  An ufetubus (D:4)
  2 ball pythons
  10 endoplasms
  3 giant cockroaches
  4 goblins
  5 hobgoblins
  3 quokkas
  7 bats
  5 frilled lizards
  5 kobolds
  4 rats
58 creatures vanquished.

Vanquished Creatures (others)
  166 foxfires
166 creatures vanquished.

Grand Total: 224 creatures vanquished

Notes
Turn   | Place    | Note
-------+----------+-------------------------------------------
     0 | D:1      | Barriton the Draconian Fire Elementalist began the quest
                  | for the Orb.
     0 | D:1      | Reached XP level 1. HP: 14/14 MP: 3/3
    60 | D:1      | Found a faded altar of an unknown god.
   434 | D:1      | Reached XP level 2. HP: 15/20 MP: 1/5
   464 | D:1      | Learned a level 2 spell: Scorch
   574 | D:1      | Found Faeczoh's Weapon Shoppe.
  1202 | D:2      | Reached XP level 3. HP: 26/26 MP: 3/6
  2121 | D:3      | Noticed a scorpion
  2129 | D:3      | Killed a scorpion
  2130 | D:3      | Reached skill level 4 in Fire Magic
  2130 | D:3      | Reached skill level 1 in Evocations
  2130 | D:3      | Reached XP level 4. HP: 33/33 MP: 0/7
  3164 | D:4      | Reached XP level 5. HP: 38/38 MP: 3/9
  3302 | D:4      | Found a staircase to the Ecumenical Temple.
  3316 | D:4      | Noticed an ogre
  3319 | Temple   | Entered the Ecumenical Temple
  3380 | D:4      | Killed an ogre
  3525 | D:4      | Reached XP level 6. HP: 45/45 MP: 7/11
  3714 | D:4      | Found Alaulabb's Weapon Shop.
  4102 | D:4      | Identified a scroll of acquirement
  4102 | D:4      | Acquired the scarf of Bumettor {repulsion, rElec rPois
                  | Str+3}
  4155 | D:5      | Entered Level 5 of the Dungeon
  4155 | D:5      | Noticed a yak
  4159 | D:5      | Noticed a yak
  4161 | D:5      | Noticed a yak
  4163 | D:5      | Noticed a yak
  4200 | D:5      | HP: 1/45 [yak (10)]
  4225 | D:4      | Slain by a yak

Illustrated notes

Levels and vault maps discovered:
D:1:      minmay_arrival_glassed_features, layout_basic,
          ebering_ecumenical_altar_petrified, serial_shops,
          nicolae_shop_back_alley_shop
D:2:      layout_loops_cross, bh_walls_and_bars
D:3:      layout_basic, minmay_misc_feat_plants
D:4:      layout_cave_pods, minmay_temple_entry_stoned_glass, serial_shops,
          nicolae_shop_window_shopping
D:5:      layout_basic, amcnicky_mini_pool_medium
Temple:   bh_familiar_temple

Skill      XL: |  1  2  3  4  5 |
---------------+----------------+-----
Dodging        | 2 |  2.0
Fire Magic     | 4 |  4.9
Evocations     | 1 |  1.1
Conjurations   | 2 |  2.8
Stealth        | 2 |  2.0
Spellcasting   | 3 |  3.6
Unarmed Combat | |  0.7

Action                     |  1- 3 |  4- 6 || total
---------------------------+-------+-------++-------
  Melee: Unarmed           |    14 |       ||    14
         Tailslap          |     1 |       ||     1
         Staff             |     1 |     2 ||     3
   Cast: Foxfire           |    58 |    46 ||   104
         Scorch            |     1 |    18 ||    19
    Use: Scroll            |     2 |     8 ||    10
         Potion            |       |     2 ||     2
 Armour: Skin              |     6 |     6 ||    12
  Dodge: Dodged            |    10 |    12 ||    22
